[Event "MČR družstev mladších žáků 2024"]
[Site "Harrachov, Czech Republic"]
[Date "2024.06.15"]
[Round "6.1"]
[White "Honcharov Makar"]
[Black "Zrust Lukas"]
[Result "1-0"]
[TimeControl "25+10"]
[WhiteFideId "23746203"]
[BlackFideId "23736666"]
[WhiteElo "1806"]
[BlackElo "1742"]

1. e4 c5 2. b4 cxb4 3. a3 Nc6 4. axb4 d6 5. b5 Ne5 6. d4 Nd7 7. Bd3 g6 8. c3 Bg7 9. Ne2 Ngf6 10.
O-O O-O 11. f4 b6 12. e5 Ne8 13. Be4 Rb8 14. Rxa7 dxe5 15. fxe5 Nc7 16. c4 Ne6 17. Bd5 Nc7 18. Bf3 f6 19.
e6 Nxe6 20. Bd5 Kh8 21. Bxe6 f5 22. Bf4 Rb7 23. Ra8 Nf6 24. Rxc8 Qxc8 25. Bxc8 Rxc8 26. Nd2 Ra8 27. Nc3 Nh5 28. Be5 Bxe5 29. dxe5 Rd7 30. Qf3 Rad8 1-0



[ePGN "0.1;DGT LiveChess/2.2.6"]

[Event "MČR družstev mladších žáků 2024"]
[Site "Harrachov, Czech Republic"]
[Date "2024.06.15"]
[Round "6.10"]
[White "Jenikova Sabina"]
[Black "Kozusnik Jan"]
[Result "0-1"]
[TimeControl "25+10"]
[WhiteFideId "23759860"]
[BlackFideId "23731796"]
[WhiteElo "1114"]
[BlackElo "1345"]

1. b4 e5 2. Bb2 f6 3. a3 d5 4. e3 Be6 5. d3 c5 6. b5 Qa5+ 7. Nd2 Qxb5 8. Rb1 Qd7 9. Ngf3 Nc6 10.
Be2 Bd6 11. c3 Nge7 12. O-O O-O 13. Qc2 b6 14. d4 e4 15. Ne1 f5 16. c4 cxd4 17. exd4 Rac8 18. Qc3 dxc4 19. Nxc4 Na5 20.
Nxb6 axb6 21. Qe3 Nc4 22. Qg5 Nxb2 23. Rxb2 Nd5 24. Bb5 Qe7 25. Qd2 Bf4 26. Qd1 e3 27. Nf3 exf2+ 28.
Rfxf2 Be3 29. Qe2 Bxf2+ 30. Qxf2 Rc1+ 31. Ne1 Qxa3 32. Re2 Nc7 33. h3 Nxb5 34. Rxe6 Qc3 35. Re2 Nxd4 36. Re3 Qc5 37.
Qg3 Ne2+ 0-1



[ePGN "0.1;DGT LiveChess/2.2.6"]

[Event "MČR družstev mladších žáků 2024"]
[Site "Harrachov, Czech Republic"]
[Date "2024.06.15"]
[Round "6.11"]
[White "Lackova Lucie"]
[Black "Polacek Matous"]
[Result "1-0"]
[TimeControl "25+10"]
[WhiteFideId "23731800"]
[BlackFideId "23760435"]
[WhiteElo "1601"]
[BlackElo "1152"]

1. e4 e5 2. Nf3 Nc6 3. d4 exd4 4. Nxd4 d6 5. Nc3 Nf6 6. Bg5 Be7 7. Bb5 Bd7 8. O-O h6 9. Bh4 O-O 10.
Be2 Nxe4 11. Bxe7 Qxe7 12. Nxe4 Qxe4 13. Nf3 Qg6 14. Bd3 Qf6 15. c3 Rfe8 16. h3 Ne5 17. Nxe5 Rxe5 18. Re1 Rg5 19.
Re3 Bc6 20. Be4 Bxe4 21. Rxe4 Qf5 22. Re3 Qg6 23. g3 Qf5 24. h4 Rg6 25. Re7 Rf6 26. Qd2 Rc8 27. Rae1 Re6 28. R7xe6 fxe6 29.
Qd4 b6 30. Qc4 d5 31. Qc6 Rf8 32. Qxe6+ Qxe6 33. Rxe6 Kf7 34. Rc6 Rc8 35. Kf1 Ke7 36. Ke2 Kd7 37. Rg6 Rg8 38. Kd3 c5 39.
b4 cxb4 40. cxb4 Kc7 41. Kd4 Kb7 42. Kxd5 Ka6 43. a4 Rf8 44. f4 Rd8+ 45. Kc4 Rc8+ 46. Kb3 Re8 47. Rxg7 Re3+ 48. Kb2 Re2+ 49.
Kc3 Ra2 50. b5+ Ka5 51. Rxa7# 1-0



[ePGN "0.1;DGT LiveChess/2.2.6"]

[Event "MČR družstev mladších žáků 2024"]
[Site "Harrachov, Czech Republic"]
[Date "2024.06.15"]
[Round "6.13"]
[White "Kroulik Stepan"]
[Black "Velim Vojtech"]
[Result "0-1"]
[TimeControl "25+10"]
[WhiteFideId "23725460"]
[BlackFideId "23749407"]
[WhiteElo "1370"]
[BlackElo "1814"]

1. e4 c6 2. Nf3 d5 3. exd5 cxd5 4. Nc3 Nc6 5.
d4 Bg4 6. Bb5 e6 7. h3 Bxf3 8. Qxf3 Nf6 9. Be3 Bd6 10. O-O a6 11. Bxc6+ bxc6 12. b3 O-O 13. Bg5 Be7 14. Bxf6 Bxf6 15.
Ne2 c5 16. Rad1 Qc7 17. c3 c4 18. b4 a5 19. a3 axb4 20. axb4 Ra2 21. Qg3 Be5 22. f4 Bd6 23. Qg4 f5 24.
Qf3 Rfa8 25. Ng3 R8a3 26. Rfe1 Qd7 27. Nxf5 Bxb4 28. Nh4 Bxc3 29. Re3 Ra1 30. Kh2 Rxd1 31. Qxd1 Ra1 32. Qg4 Bxd4 33.
Rxe6 Bg1+ 34. Kg3 Ra3+ 35. Nf3 c3 36. Kh4 Bf2+ 37. g3 c2 38. Ne5 Qd8+ 39. Kh5 Rxg3 40. Qf5 Rxh3+ 41. Qxh3 c1=Q 42.
Rc6 Qd1+ 43. Nf3 Qe8+ 44. Kg4 Qxc6 45. Qh5 Qe6+ 46. f5 Qe4+ 47. Kg5 Be3# 0-1



[ePGN "0.1;DGT LiveChess/2.2.6"]

[Event "MČR družstev mladších žáků 2024"]
[Site "Harrachov, Czech Republic"]
[Date "2024.06.15"]
[Round "6.14"]
[White "Kala Jakub"]
[Black "Zika Miroslav"]
[Result "1-0"]
[TimeControl "25+10"]
[WhiteFideId "23753897"]
[BlackFideId "23746610"]
[WhiteElo "1657"]
[BlackElo "1311"]

1. Nf3 c5 2. c4 Nc6 3. Nc3 Nf6 4. e3 d6 5. d4 cxd4 6. exd4 g6 7. d5 Ne5 8. Nxe5 dxe5 9. Bd3 Bg7 10. O-O O-O 11. Re1 Qc7 12.
h3 Bd7 13. Qc2 e6 14. Be3 Rfc8 15. Rac1 b6 16. Qd2 Qd6 17. dxe6 Bxe6 18. Qe2 Rd8 19. Red1 Qe7 20. Bg5 Qc7 21.
Ne4 Qe7 22. Qf3 Bf5 23. Bxf6 Bxf6 24. Nxf6+ Qxf6 25. g4 Qg5 26. Bxf5 gxf5 27. Qxf5 Qxf5 28. gxf5 Kg7 29. Rxd8 Rxd8 30. Rc3 Kf6 31. c5 bxc5 32.
Rxc5 Rd7 33. Kg2 Kxf5 34. Kg3 f6 35.
Rc8 Rg7+ 36. Kf3 Rd7 37. Rf8 e4+ 38. Ke2 Rc7 39. Ke3 Rd7 40. Ke2 Rc7 41. Rb8 Kf4 42. Rb3 f5 43. a4 Rd7 44. Rc3 Rb7 45. b3 h5 46.
Kd2 Rd7+ 47. Ke2 Rb7 48. Re3 Rc7 49. Kd2 h4 50. b4 Rc4 51. Rb3 Ke5 52. a5 Rc7 53. b5 f4 54. b6 axb6 55.
axb6 Rb7 56. Rb4 Kd5 57. Kc3 e3 58. fxe3 fxe3 59. Kd3 Kc5 60. Rxh4 Kxb6 61.
Rb4+ Kc6 62. Rxb7 Kxb7 63. h4 Kc7 64. h5 Kd7 65. h6 Ke7 66. h7 e2 67. Kxe2 Kf7 68. h8=Q Kg6 69. Qf8 Kh7 70. Qf6 Kg8 71.
Qe7 Kh8 72. Kf3 Kg8 73. Kg4 Kh8 74.
Kg5 Kg8 75. Kg6 Kh8 76. Qg7# 1-0



[ePGN "0.1;DGT LiveChess/2.2.6"]

[Event "MČR družstev mladších žáků 2024"]
[Site "Harrachov, Czech Republic"]
[Date "2024.06.15"]
[Round "6.15"]
[White "Svoboda Petr"]
[Black "Levchenko Alisa"]
[Result "1/2-1/2"]
[TimeControl "25+10"]
[WhiteFideId "23771550"]
[BlackFideId "23760311"]
[WhiteElo "1261"]
[BlackElo "1302"]

1. e4 e6 2. d4 d5 3. exd5 exd5 4. Nf3 Bf5 5. c3 c6 6. Be2 Bd6 7. O-O Nf6 8. Bg5 Nbd7 9. Nbd2 h6 10.
Bh4 O-O 11. Re1 Qc7 12. Bg3 Ne4 13. Bxd6 Qxd6 14. Nxe4 Bxe4 15. Bd3 Nf6 16. h3 Rfe8 17. Re3 Re6 18. Qd2 Rae8 19. Ne5 Bxd3 20.
Qxd3 Nd7 21. Nxd7 Rxe3 22. fxe3 Qxd7 23. Rf1 Re4 24. Rf4 Qe6 25. Rf3 f5 26. a4 g5 27. b4 h5 28. Kf2 g4 29.
hxg4 hxg4 30. Rf4 1/2-1/2



[ePGN "0.1;DGT LiveChess/2.2.6"]

[Event "MČR družstev mladších žáků 2024"]
[Site "Harrachov, Czech Republic"]
[Date "2024.06.15"]
[Round "6.16"]
[White "Zavrel Daniel"]
[Black "Dvorak Vojtech"]
[Result "0-1"]
[TimeControl "25+10"]
[WhiteFideId "23753951"]
[BlackFideId "23742089"]
[WhiteElo "1106"]
[BlackElo "1154"]

1. e4 e5 2. Nf3 Nc6 3. Bc4 Nf6 4. Nc3 Bc5 5. O-O O-O 6. d3 h6 7. Be3 d6 8. h3 Be6 9. Bb3 Qd7 10.
Bxe6 Qxe6 11. Re1 Bb4 12. a3 Bxc3 13. bxc3 Rfd8 14. Qd2 d5 15. exd5 Rxd5 16. c4 Rd7 17. Rab1 b6 18. Qc3 Re8 19.
Bf4 e4 20. dxe4 Nxe4 21. Qb3 Na5 22. Qa4 Rde7 23. Nd2 Qf5 24. Nxe4 Rxe4 25. Rxe4 Rxe4 26. Bxc7 Rxc4 27. Qe8+ Kh7 28.
Rc1 Rxc7 29. Qb8 Qf4 30. Re1 Nc6 31. Qe8 0-1



[ePGN "0.1;DGT LiveChess/2.2.6"]

[Event "MČR družstev mladších žáků 2024"]
[Site "Harrachov, Czech Republic"]
[Date "2024.06.15"]
[Round "6.19"]
[White "Policar Martin"]
[Black "Lickova Anna"]
[Result "1-0"]
[TimeControl "25+10"]
[WhiteFideId "23734868"]
[BlackFideId "23744359"]
[WhiteElo "1646"]
[BlackElo "1377"]

1. Nf3 d5 2. g3 Nf6 3. Bg2 g6 4. O-O Bg7 5. d4 O-O 6. c4 c5 7. Nc3 dxc4 8. e3 Bg4 9. Qa4 Nc6 10.
Qxc4 cxd4 11. Nxd4 Nxd4 12. exd4 Rc8 13. Qb4 b6 14. Be3 Qd7 15. Rfe1 Bh3 16. Rad1 Bxg2 17. Kxg2 Nd5 18. Nxd5 Qxd5+ 19. Kg1 e6 20. b3 Rc7 21. Rc1 Rfc8 22. Rxc7 Rxc7 23. Rd1 e5 24. Qd2 exd4 25. Bxd4 Bxd4 26. Qxd4 Qxd4 27. Rxd4 Rc1+ 28.
Kg2 Rc2 29. a4 Rc3 30. b4 Rc7 31. Kf3 Kg7 32. Rf4 Rc3+ 33. Ke2 Ra3 34. b5 Rc3 35. Kd2 Rc7 36. Kd3 Rc5 37. Rc4 Rd5+ 38.
Ke4 Rd7 39. Rc2 f6 40. h4 h5 41. Rc4 Kf7 42. Rd4 Re7+ 43. Kf4 Rc7 44. g4 hxg4 45. Kxg4 Ke6 46. f4 Rc5 47. Re4+ Kf7 48.
Rd4 Ke6 49. Kf3 Rc3+ 50. Kg2 Rc2+ 51. Kg3 Rc3+ 52. Kf2 Rh3 53. Kg2 Rc3 54. Kf2 Rh3 55. Rc4 Ra3 56. Kg2 Ra2+ 57. Kf3 Ra3+ 58.
Ke4 f5+ 59. Kd4 Rf3 60. Rc6+ Kd7 61. Ke5 Ra3 62. Rc4 Rh3 63. Kf6 Rg3 64. Rd4+ Kc7 65. Rc4+ Kd7 66. Kf7 Rg4 67. Kg7 Kd6 68.
Rc6+ Kd7 69. Rxg6 Rxh4 70. Rf6 Rxf4 71. Rf7+ Kd6 72. Rxa7 Rg4+ 73. Kf6 Rf4 74. Kg5 Rf3 75. Rf7 f4 76.
Rf5 Rf1 77. Kg4 Rg1+ 78. Kf3 Rf1+ 79. Ke2 Ra1 80. Rxf4 Kc5 81. Kd2 Ra2+ 82. Kc3 Ra1 83. Rf5+ Kd6 84. Kb3 Rb1+ 85. Ka2 Rb4 86.
Ka3 Rb1 87. Rf6+ Kc5 88. Rc6+ Kd5 89.
Rxb6 Ra1+ 90. Kb3 Rb1+ 91. Ka2 Rb4 92. Ka3 Rb1 93. Rc6 Ra1+ 94. Kb3 Rb1+ 95. Ka2 Rb4 96. Ka3 Rb1 97. Rc2 Ra1+ 98. Kb4 Rb1+ 99. Ka5 Kd6 100. Ka6 Rb4 101. a5 Kd7 102. b6 Rb3 103. Ka7 Rb5 104.
a6 Rb4 105. b7 Rb5 106. b8=Q Rxb8 107. Kxb8 Kd6 108. a7 Ke5 109. a8=Q Kd4 110. Qc6 Ke5 111. Qd7 Ke4 112. Re2+ Kf3 113.
Qd3+ Kf4 114. Qd4+ Kg3 115. Qf2+ Kg4 116. Re3 Kg5 117. Rg3+ Kh6 118. Qh2# 1-0



[ePGN "0.1;DGT LiveChess/2.2.6"]

[Event "MČR družstev mladších žáků 2024"]
[Site "Harrachov, Czech Republic"]
[Date "2024.06.15"]
[Round "6.2"]
[White "Artamonov Mikhail"]
[Black "Tykalova Barbora"]
[Result "1/2-1/2"]
[TimeControl "25+10"]
[WhiteFideId "23732946"]
[BlackFideId "23750898"]
[WhiteElo "1515"]
[BlackElo "1284"]

1. e4 e5 2. Nf3 Nc6 3. d4 exd4 4. c3 d5 5. exd5 Qxd5 6. cxd4 Bg4 7. Be2 Bb4+ 8. Nc3 Bxf3 9. Bxf3 Qc4 10.
Bxc6+ Qxc6 11. Qf3 Qxf3 12. gxf3 Ne7 13. O-O O-O-O 14. Be3 Bxc3 15. bxc3 Nf5 16. Kh1 Nxe3 17. fxe3 Rd5 18. e4 Ra5 19.
e5 Kd7 20. Rg1 g6 21. Rge1 Re8 22. f4 Ke6 23. Kg2 Ra3 24. Re3 Kf5 25. Kf3 Re6 26. Rg1 1/2-1/2



[ePGN "0.1;DGT LiveChess/2.2.6"]

[Event "MČR družstev mladších žáků 2024"]
[Site "Harrachov, Czech Republic"]
[Date "2024.06.15"]
[Round "6.20"]
[White "Havlik David"]
[Black "Sudrich Radek"]
[Result "1/2-1/2"]
[TimeControl "25+10"]
[WhiteFideId "23751525"]
[BlackFideId "23734361"]
[WhiteElo "1348"]
[BlackElo "1470"]

1. e4 c5 2. Nf3 e6 3.
d4 cxd4 4. Nxd4 Nf6 5. Nc3 Nc6 6.
Ndb5 Bb4 7. a3 Bxc3+ 8. Nxc3 O-O 9. Qd6 Qe7 10. Qxe7 Nxe7 11. Be3 b6 12. O-O-O d5 13. exd5 Nexd5 14. Nxd5 Nxd5 15. Bd4 Bb7 16. c4 Rac8 17. Kd2 Ne7 18. Ke1 Rfd8 19. f3 Nf5 20. Bf2 Rxd1+ 21. Kxd1 Rd8+ 22. Kc2 Nd4+ 23.
Bxd4 Rxd4 24. Bd3 Kf8 25. Kc3 Rd6 26. h4 h6 27. Re1 Ke7 28. b4 Kd7 29. Be4 Bxe4 30. Rxe4 Rc6 31. a4 a6 32.
f4 Kd6 33. Rd4+ Kc7 34. Kd3 1/2-1/2



[ePGN "0.1;DGT LiveChess/2.2.6"]

[Event "MČR družstev mladších žáků 2024"]
[Site "Harrachov, Czech Republic"]
[Date "2024.06.15"]
[Round "6.21"]
[White "Moravec Rene"]
[Black "Filip Damian"]
[Result "1/2-1/2"]
[TimeControl "25+10"]
[WhiteFideId "23745274"]
[BlackFideId "23755415"]
[WhiteElo "1295"]
[BlackElo "1196"]

1. e4 e5 2. Bc4 Nf6 3. d3 c6 4. Nf3 d5 5. exd5 cxd5 6. Bb5+ Bd7 7. Bxd7+ Nbxd7 8. O-O Bd6 9. Bg5 h6 10. Bh4 O-O 11. Nc3 Qb6 12.
d4 e4 13. Ne5 g5 14. Nxd7 Nxd7 15. Bg3 Bxg3 16. fxg3 Qc6 17.
Rf5 Nb6 18. Qf1 f6 19. Qb5 Qxb5 20. Nxb5 Rf7 21. Raf1 Kg7 22. Nc3 Rd8 23. a4 a5 24. b3 Rdd7 25. Nb5 Rd8 26. Kf2 Kg6 27.
Ke3 Nc8 28. c4 Ne7 29. R5f2 f5 30. c5 Nc8 31. h4 Rdf8 32. hxg5 hxg5 33.
Nc3 Rd8 34. Na2 Rdf8 35. b4 b6 36. cxb6 axb4 37. Nxb4 Nxb6 38. a5 Nc4+ 39. Ke2 Nxa5 40. Nxd5 Nc6 41. g4 f4 42. Rd1 f3+ 43.
gxf3 Rxf3 44. Rxf3 Rxf3 45. Ne3 Rf4 46. d5 Ne5 47. d6 Rf7 1/2-1/2



[ePGN "0.1;DGT LiveChess/2.2.6"]

[Event "MČR družstev mladších žáků 2024"]
[Site "Harrachov, Czech Republic"]
[Date "2024.06.15"]
[Round "6.22"]
[White "Pokorny Petr"]
[Black "Sevcikova Terezie"]
[Result "0-1"]
[TimeControl "25+10"]
[BlackFideId "23766425"]
[WhiteElo "1040"]
[BlackElo "1447"]

1. d4 Nf6 2. c4 g6 3. Nc3 Bg7 4. Nf3 d6 5. Bf4 O-O 6. Qd2 Nbd7 7. Bh6 b6 8. Bxg7 Kxg7 9. e3 Bb7 10. Be2 Re8 11. O-O e5 12. dxe5 Nxe5 13. Nxe5 dxe5 14. Qxd8 Raxd8 15. Rfd1 a5 16. Nb5 c6 17. Nd6 Re7 18. Nf5+ gxf5 19.
Rxd8 f4 20. exf4 exf4 21. Bf3 a4 22. h3 c5 23. Bxb7 Rxb7 24. Rad1 b5 25. cxb5 Rxb5 26. Ra8 Rb4 27. a3 Rc4 28. Rd6 Ne4 29. Rda6 Rc1+ 30. Kh2 Nxf2 31.
g3 f3 32. g4 Nxg4+ 33. hxg4 f2 34. Rxa4 f1=Q 0-1



[ePGN "0.1;DGT LiveChess/2.2.6"]

[Event "MČR družstev mladších žáků 2024"]
[Site "Harrachov, Czech Republic"]
[Date "2024.06.15"]
[Round "6.23"]
[White "Chauvin Simon"]
[Black "Lang Christian"]
[Result "0-1"]
[TimeControl "25+10"]
[WhiteFideId "23739053"]
[BlackFideId "23771771"]
[WhiteElo "1085"]
[BlackElo "1242"]

1. e4 e5 2. Nf3 Nc6 3. d4 exd4 4. Nxd4 Nf6 5. Nxc6 bxc6 6. Bd3 Bc5 7. O-O Qe7 8. Qf3 Bb7 9. Bg5 h6 10.
Bxf6 Qxf6 11. Qxf6 gxf6 12. Nd2 O-O-O 13. Rfe1 d5 14. a3 Rhe8 15. Rad1 Re7 16. h3 Rde8 17. Kh1 Bxf2 18. Rf1 Bd4 19. c3 Be5 20. Rde1 Kb8 21.
Re2 Re6 22. Rf5 Bd6 23. b4 c5 24. bxc5 Bxc5 25. a4 Kc8 26. Rf4 Rd6 27. Bb5 Re7 28. Rf3 Rd8 29. Rxf6 dxe4 30. Nxe4 Rxe4 31.
Rxe4 Bxe4 32. Rxh6 Be3 33. Rf6 Bg6 34. c4 Bd4 35. Rf1 Be5 36. Re1 f6 37. h4 Rd4 38.
g3 Bxg3 39. Ba6+ Kd8 40. Rg1 Be4+ 41. Rg2 Rd1# 0-1



[ePGN "0.1;DGT LiveChess/2.2.6"]

[Event "MČR družstev mladších žáků 2024"]
[Site "Harrachov, Czech Republic"]
[Date "2024.06.15"]
[Round "6.25"]
[White "Fadrny Jachym"]
[Black "Cerny Rodan"]
[Result "0-1"]
[TimeControl "25+10"]
[WhiteFideId "23744170"]
[BlackFideId "23746165"]
[WhiteElo "1537"]
[BlackElo "1299"]

1. e4 e5 2. Nf3 Nc6 3. d4 exd4 4. Nxd4 Nf6 5. Nxc6 bxc6 6. f3 Bc5 7. Bg5 Rb8 8. Nc3 Qe7 9. Bc4 h6 10.
Bh4 g5 11. Bg3 d5 12. Bd3 Rxb2 13. e5 Nh5 14. Kd2 Bb4 15. a3 Ba5 16. Bf2 Qxe5 17. Be1 Bxc3+ 18. Kc1 Nf4 19. Bxc3 Qxc3 20.
Qe1+ Qxe1+ 21. Rxe1+ Kd8 22. Kxb2 Nxg2 23. Rg1 Nh4 24. Raf1 Re8 25. f4 f6 26. fxg5 fxg5 27. Rf6 Re6 28.
Rgf1 Ke7 29. Rf7+ Kd6 30. Rf8 Bd7 31. Ra8 c5 32. Rxa7 c4 33. Bh7 Re2 34. Ra6+ Kc5 35. Rxh6 Rxh2 36.
Bg8 Nf3 37. Rxh2 Nxh2 38. Rd1 c6 39. c3 g4 40. Rg1 Nf3 41. Rh1 g3 42. Rd1 g2 43. Bh7 g1=Q 44. Rxg1 Nxg1 45. a4 Nh3 46. Bg8 Nf4 47. Kc2 Nd3 48. a5 Kb5 49. Kd2 Kxa5 50. Ke3 Ka4 51. Kd4 Kb3 52. Bf7 Bf5 53. Be8 c5+ 54. Kxd5 Kxc3 55.
Bb5 Kb4 56. Bxc4 Be6+ 57. Kxe6 Kxc4 58. Kf5 Kb3 59. Ke4 c4 60. Ke3 c3 61. Kxd3 Kb2 62. Ke2 c2 63. Kd2 0-1



[ePGN "0.1;DGT LiveChess/2.2.6"]

[Event "MČR družstev mladších žáků 2024"]
[Site "Harrachov, Czech Republic"]
[Date "2024.06.15"]
[Round "6.26"]
[White "Lutskiy Mikhail"]
[Black "Trejbal Jindrich"]
[Result "1-0"]
[TimeControl "25+10"]
[WhiteFideId "23744308"]
[BlackFideId "23743948"]
[WhiteElo "1446"]
[BlackElo "1401"]

1. e4 e5 2. Nf3 Nf6 3. Nc3 Bb4 4. Bc4 O-O 5. O-O Nc6 6.
d3 d6 7.
h3 Be6 8. Bb3 Bxc3 9. bxc3 Bxb3 10. cxb3 d5 11. exd5 Nxd5 12. Bb2 Nf4 13. d4 e4 14. Nd2 Qg5 15. Qg4 Qxg4 16. hxg4 f5 17.
gxf5 Rxf5 18. g3 Nd3 19. Ba3 Re8 20. Rad1 Nxf2 21.
Rxf2 Rxf2 22. Kxf2 e3+ 23. Kg2 exd2 24. Rxd2 Re3 25. c4 Re4 26. d5 Nd4 27. Bc5 Nf5 28. Kf3 Re8 29. Rf2 Nd6 30. Bxa7 b6 31. c5 Rf8+ 32.
Kg2 Rxf2+ 33. Kxf2 Ne4+ 34. Ke3 Nxc5 35. d6 cxd6 36. Bxb6 Kf7 37. Bxc5 dxc5 38. a4 Ke7 39. Ke4 Kd6 40. a5 Kc6 41. a6 Kb6 42.
Kd5 g5 43. g4 Kxa6 44. Kxc5 Ka5 45. b4+ Ka4 46. b5 Ka5 47. b6 Ka6 48. Kc6 h5 49. gxh5 g4 50. h6 g3 51. h7 1-0



[ePGN "0.1;DGT LiveChess/2.2.6"]

[Event "MČR družstev mladších žáků 2024"]
[Site "Harrachov, Czech Republic"]
[Date "2024.06.15"]
[Round "6.27"]
[White "Bartak Tobias"]
[Black "Cerny Ren"]
[Result "1/2-1/2"]
[TimeControl "25+10"]
[WhiteFideId "23753544"]
[BlackFideId "23754559"]
[WhiteElo "1260"]
[BlackElo "1317"]

1. e4 e5 2. Nf3 Nf6 3. Nc3 Bb4 4. Bc4 d6 5. O-O O-O 6. d3 h6 7. h3 Nc6 8. Be3 Na5 9. Bb3 Nxb3 10.
axb3 Be6 11. Rxa7 Rxa7 12. Bxa7 b6 13.
Qa1 Ba5 14. b4 Bxb4 15. Qa6 Ba5 16. Qb7 Qc8 17. Qxc8 Rxc8 18. Nb5 Ra8 19. Ra1 Bd7 20. Nc3 Bc6 21. Ne2 Rxa7 22. b4 Ra8 23.
bxa5 Rxa5 24. Rb1 Ra2 25. Ne1 Ba4 26. Rc1 Kf8 27. Nc3 Ra3 28. Nxa4 Rxa4 29. Rb1 Ke7 30. Kh2 d5 31. Rb5 Ke6 32.
Nf3 Ra5 33. exd5+ Nxd5 34. Rb1 Nf6 1/2-1/2



[ePGN "0.1;DGT LiveChess/2.2.6"]

[Event "MČR družstev mladších žáků 2024"]
[Site "Harrachov, Czech Republic"]
[Date "2024.06.15"]
[Round "6.28"]
[White "Gao Tianle"]
[Black "Vratny Vojtech"]
[Result "0-1"]
[TimeControl "25+10"]
[WhiteFideId "23739924"]
[BlackFideId "23753692"]
[WhiteElo "1120"]
[BlackElo "1208"]

1. e4 c6 2. Nf3 d5 3.
exd5 cxd5 4. d4 Bg4 5. Be2 e6 6. O-O Nf6 7. Nc3 Be7 8. Bf4 O-O 9. h3 Bxf3 10. Bxf3 Nc6 11. Bg5 h6 12.
Bh4 a6 13. a3 Qb6 14. Na4 Qxd4 15. Qxd4 Nxd4 16. Bd1 Nf5 17. Bxf6 Bxf6 18. Rb1 b5 19. Nc5 Rfd8 20. c3 Be7 21.
Nd3 d4 22. cxd4 Rxd4 23. Be2 Rc8 24. Rfc1 Rxc1+ 25. Rxc1 Rd8 26. Rc7 Bf6 27. b4 Nd4 28. Bf1 Kf8 29. Ra7 Rd6 30. Ra8+ Bd8 31.
Nc5 Ke7 32. Ra7+ Ke8 33. Ra8 Nc2 34. Nxa6 Rb6 35. Nc5 Nd4 36. Nb7 Rxb7 37. a4 bxa4 38. Rxa4 Be7 39. b5 Nxb5 40. Ra8+ Kd7 41.
Ra5 Nd6 42. Ba6 Ra7 43. Ra4 Rc7 44.
Rd4 e5 45. Bb5+ Ke6 46. Rd3 Nxb5 47. Rb3 Nd4 48. Rb6+ Rc6 49. Rb7 f5 50. g3 g5 51. h4 gxh4 52. f4 hxg3 53. fxe5 Rc2 54.
Rb6+ Kxe5 55. Rb8 Nf3+ 56. Kf1 g2# 0-1



[ePGN "0.1;DGT LiveChess/2.2.6"]

[Event "MČR družstev mladších žáků 2024"]
[Site "Harrachov, Czech Republic"]
[Date "2024.06.15"]
[Round "6.3"]
[White "Koutecky Vaclav"]
[Black "Kolar Edvard"]
[Result "0-1"]
[TimeControl "25+10"]
[WhiteFideId "23752602"]
[BlackFideId "23746238"]
[WhiteElo "1194"]
[BlackElo "1553"]

1. e4 c5 2. d4 cxd4 3. c3 dxc3 4. Nxc3 Nc6 5. Bc4 d6 6. Nf3 g6 7. O-O Bg7 8. Qe2 Nf6 9. Bg5 O-O 10.
Rfd1 Bg4 11. h3 Bxf3 12. Qxf3 Ne5 13. Qe2 Rc8 14. Bb3 Qa5 15. Bxf6 Bxf6 16. Nd5 Nd7 17. Nxf6+ Nxf6 18. Rac1 Qg5 19.
Rxc8 Rxc8 20. Qf3 Qe5 21. Rb1 e6 22. Qd3 Nxe4 23. Re1 Nc5 24. Qd1 Qxb2 25. Re2 Qc3 26. Rc2 Qe5 27. Re2 Qf4 28.
g3 Qf3 29. Qc2 Rc6 30. Re3 Nxb3 31. Rxf3 Rxc2 32. Rxb3 Rxa2 33. Rxb7 Kg7 34. Rd7 d5 35. h4 a5 36. Ra7 a4 37.
Kf1 a3 38. Ra4 Ra1+ 39. Ke2 a2 40.
Ra3 h5 41. f4 Rh1 0-1



[ePGN "0.1;DGT LiveChess/2.2.6"]

[Event "MČR družstev mladších žáků 2024"]
[Site "Harrachov, Czech Republic"]
[Date "2024.06.15"]
[Round "6.4"]
[White "Gernert Tomas"]
[Black "Koutecka Magdalena"]
[Result "1-0"]
[TimeControl "25+10"]
[WhiteFideId "23750219"]
[BlackFideId "23752599"]
[WhiteElo "1409"]
[BlackElo "1085"]

1. c4 e5 2. Nc3 Nf6 3. g3 Nc6 4. Bg2 Bc5 5. e4 d6 6. Nge2 Bg4 7. d3 O-O 8. O-O h6 9. h3 Bh5 10.
Kh2 Ne7 11. f4 Re8 12. f5 Bxe2 13. Qxe2 c6 14. g4 Kh7 15. h4 Rh8 16. Rh1 Kg8 17. Kg3 Kf8 18. Bd2 Qb6 19. Na4 Qc7 20.
Nxc5 dxc5 21. g5 Nfg8 22. Raf1 Nc8 23. Be3 b6 24. b3 Nd6 25. Qd2 Rd8 26. Qc3 Nb7 27. f6 g6 28. h5 Qd6 1-0



[ePGN "0.1;DGT LiveChess/2.2.6"]

[Event "MČR družstev mladších žáků 2024"]
[Site "Harrachov, Czech Republic"]
[Date "2024.06.15"]
[Round "6.7"]
[White "Vancakova Veronika"]
[Black "Frantsev Iegor"]
[Result "0-1"]
[TimeControl "25+10"]
[WhiteFideId "23731907"]
[BlackFideId "23736305"]
[WhiteElo "1437"]
[BlackElo "1413"]

1. d4 d5 2. c4 c6 3. Nc3 Nf6 4.
Bg5 Ne4 5. Nxe4 dxe4 6. e3 Qa5+ 7. Qd2 Qxg5 8. d5 e6 9. d6 Nd7 10. Nh3 Qe5 11. Rd1 g6 12. Be2 Bg7 13. Rb1 O-O 14.
O-O c5 15. f3 exf3 16. gxf3 Qf5 17. Nf2 b6 18. Ng4 h5 19. e4 Bd4+ 20. Kh1 hxg4 21. exf5 Bb7 22. f6 Kh7 23. Qg5 Rh8 24.
Qxg4 Bxf6 25. Rf2 Kg7 26. Qf4 Rh4 27. Qe3 Bd4 28. Qg5 Bxf2 29. Rf1 f6 30. Qg2 Bd4 31. Qg3 Rah8 32. Bd3 g5 33.
Qg2 Be5 34. Rf2 Rxh2+ 35. Qxh2 Rxh2+ 36. Rxh2 Bxf3+ 37. Kg1 Bxh2+ 38. Kxh2 f5 39. Bc2 Kf6 40. Ba4 Ne5 41. Bb5 Bc6 42. Ba6 Ng4+ 43. Kg3 Ke5 0-1



[ePGN "0.1;DGT LiveChess/2.2.6"]

[Event "MČR družstev mladších žáků 2024"]
[Site "Harrachov, Czech Republic"]
[Date "2024.06.15"]
[Round "6.8"]
[White "Mauric Jan"]
[Black "Walder Hugo"]
[Result "1-0"]
[TimeControl "25+10"]
[WhiteFideId "23744200"]
[BlackFideId "23743360"]
[WhiteElo "1306"]
[BlackElo "1489"]

1. d4 d5 2. Bf4 Bf5 3. e3 e6 4. Nf3 Nf6 5. a3 a6 6. Bd3 Bg6 7. O-O Bd6 8. Bg5 Be7 9. Qe2 c5 10.
c4 Nc6 11. cxd5 Nxd5 12. Bxe7 Qxe7 13. dxc5 Qxc5 14. Nbd2 O-O 15. Bxg6 hxg6 16. Rac1 Qe7 17. Qc4 Rac8 18. Qe4 Nf6 19.
Qh4 Nd5 20. Qxe7 Ncxe7 21. Nb3 Rfd8 22. Rfd1 Nc6 23. g3 Kf8 24. Nc5 Rb8 25. Nxa6 Nd4 26. Nxd4 bxa6 27. Nc6 Rdc8 28. Nxb8 Rxb8 29.
b4 Rb5 30. Rc8+ Ke7 31. Ra8 Rb6 32. Rc1 Kf6 33. Rc5 g5 34. e4 Ne7 35. Ra5 Rc6 36. R5xa6 Rc2 37. Ra5 Ng6 38. Rc5 Re2 39.
Raa5 Rxe4 40. Rc1 Ne5 41. Kg2 g4 42. Kf1 Nf3 43. Rac5 Nxh2+ 44. Kg2 Nf3 45. R5c4 Re5 46. Rxg4 Ne1+ 47.
Kf1 Nd3 48. Ra1 Rh5 49. Rh4 Rf5 50. Ke2 Nxf2 51. Rf4 Rxf4 52. gxf4 Nh3 53. Kf3 Kf5 54. a4 Nxf4 55. a5 Nd5 56. a6 g5 57. a7 Nb6 58. a8=Q Nxa8 59. Rxa8 g4+ 60.
Kf2 Kf4 61. Rg8 f5 62. b5 e5 63. b6 e4 64. b7 e3+ 65. Ke2 g3 66. b8=Q+ 1-0



[ePGN "0.1;DGT LiveChess/2.2.6"]

[Event "MČR družstev mladších žáků 2024"]
[Site "Harrachov, Czech Republic"]
[Date "2024.06.15"]
[Round "6.9"]
[White "Bucek Vit"]
[Black "Hujova Tess"]
[Result "1/2-1/2"]
[TimeControl "25+10"]
[WhiteFideId "23750812"]
[BlackFideId "23744936"]
[WhiteElo "1582"]
[BlackElo "1311"]

1. e4 e6 2. d4 b6 3. Nc3 Bb7 4. Bc4 Bb4 5. Nge2 Bxe4 6. Bd2 Bb7 7. O-O Nf6 8. Bg5 h6 9. Bh4 O-O 10.
Ne4 Bxe4 11. c3 Be7 12. f3 Bb7 13. Bf2 d6 14. Bd3 Nbd7 15. Be3 e5 16. dxe5 Nxe5 17. Bc2 Nc4 18. Bf2 Nd5 19.
Qd3 g6 20. Qxc4 Kh7 21. Be4 c6 22. Bxd5 cxd5 23. Qd3 Qc7 24. Nf4 Qc4 25. Qd2 Bg5 26. Be3 Rae8 27. Rfd1 Bxf4 28. Bxf4 Re2 29.
Qc1 Qc5+ 30. Kh1 Qf2 31. Rg1 d4 32. Bg3 Qe3 33. Qxe3 dxe3 34. Rge1 Rxb2 35. Rxe3 Bd5 36. Bxd6 Rc8 37.
Re7 a5 38. h3 Bxa2 39. Kh2 g5 40. Be5 Re2 41. Bf6 Rxe7 42. Bxe7 Be6 43. Bf6 Kg6 44. Bd4 Rb8 45. g4 Bb3 46.
Kg2 a4 47. Kf2 b5 48. Ke3 Re8+ 49. Kd2 Bc4 50. Be3 Rd8+ 51. Bd4 f5 52. Re1 Rd7 53. Kc2 fxg4 54. fxg4 a3 55. Re8 a2 56.
Kb2 Rb7 57. Re5 b4 58. Ra5 b3 59. Ra4 Bg8 60. Ra6+ Kh7 61. Ra4 Re7 62. c4 Rd7 63. Bc3 Rb7 64. c5 Rc7 65. c6 1/2-1/2



[ePGN "0.1;DGT LiveChess/2.2.6"]